Map: Ruins of Endion

Players

Miszu

  • Race: Terran Terran
  • League: Master

Bananane - Winner!

  • Race: Protoss Protoss
  • League: Master

VOD

Have the link to the VOD?

Description

Time

  • Played on: April 13, 2016, 2:53 p.m.
  • Length: 10:29
Show
View Real Time Build Order
Export as new Build Order

Miszu Terran 

Build Orders: 1/1/1, MMM Bio 

Get SALT Encoding   

  12  0:01  SCV  
  13  0:13  SCV  
  14  0:25  SCV  
  14  0:26  Supply Depot  
  15  0:29  Refinery  
  15  0:47  Barracks, SCV  
  16  0:59  SCV  
  17  1:11  SCV  
  18  1:24  SCV  
  19  1:35  Factory, Marine  
  19  1:37  Orbital Command  
  20  1:42  Supply Depot  
  20  1:53  Marine  
  21  2:03  SCV  
  22  2:11  Marine  
  24  2:15  SCV  
  24  2:16  Supply Depot  
  24  2:19  Hellion  
  24  2:20  Starport  
  26  2:27  SCV  
  26  2:29  Marine  
  28  2:39  Supply Depot, SCV  
  28  2:41  Hellion  
  31  2:47  Marine  
  32  2:53  Refinery, SCV  
  32  2:56  Medivac  
  35  3:02  Hellion  
  35  3:05  Marine  
  38  3:09  SCV  
  39  3:22  SCV  
  39  3:23  Barracks Reactor  
  39  3:24  Factory Tech Lab  
  40  3:34  Command Center  
  40  3:36  SCV  
  40  3:39  Supply Depot  
  41  3:48  SCV  
  38  3:59  Cyclone  
  41  4:08  SCV  
  36  4:11  Marine  
  36  4:12  Marine  
  36  4:16  Barracks  
  38  4:17  Barracks  
  38  4:20  SCV  
  39  4:29  Marine x2  
  39  4:32  SCV  
  39  4:44  SCV  
  40  4:47  Marine x2  
  40  4:49  Starport Reactor  
  40  4:50  Siege Tank  
  45  4:57  SCV  
  45  4:59  Orbital Command  
  46  5:07  Barracks Tech Lab  
  46  5:08  Barracks Tech Lab  
  46  5:09  SCV  
  46  5:12  Marine x2  
  49  5:21  SCV  
  50  5:28  Stimpack  
  50  5:30  Marine x2  
  50  5:33  Engineering Bay, SCV  
  50  5:34  SCV  
  54  5:45  SCV  
  54  5:46  SCV  
  56  5:50  Marine  
  56  5:51  Combat Shields  
  56  5:53  Siege Tank  
  60  5:57  SCV  
  60  5:58  SCV  
  60  6:01  Supply Depot  
  60  6:02  Refinery  
  62  6:04  Marine x2  
  62  6:05  Marine  
  62  6:09  SCV  
  66  6:12  SCV  
  66  6:13  Marine  
  68  6:21  SCV  
  68  6:22  Marine x2  
  68  6:23  Marine  
  68  6:24  SCV  
  68  6:25  Medivac x2  
  77  6:28  Supply Depot  
  77  6:29  Terran Infantry Weapons Level 1  
  77  6:31  Marine  
  78  6:37  Missile Turret  
  78  6:42  Missile Turret  
  78  6:49  Marine x4  
  78  6:51  Supply Depot x2  
  82  7:03  Command Center  
  82  7:05  Refinery  
  82  7:07  Marine  
  82  7:16  Barracks  
  82  7:17  Barracks  
  82  7:22  SCV x2  
  84  7:30  Marine  
  84  7:31  Marine  
  84  7:33  Marine x2  
  84  7:34  SCV x2  
  84  7:46  SCV  
  84  7:47  SCV  
  84  7:48  Marine x2, Medivac x2  
  84  7:51  Marine x2  
  94  8:00  Supply Depot, SCV  
  94  8:01  SCV  
  94  8:04  Barracks Reactor x2  
  94  8:05  Engineering Bay  
  96  8:06  Marine, Armory  
  96  8:10  Marauder  
  96  8:11  Marauder  
  96  8:12  Barracks Tech Lab  
  101  8:13  Barracks Tech Lab  
  101  8:19  Ghost Academy  
  101  8:23  SCV  
  101  8:24  SCV  
  101  8:26  Concussive Shells  
  104  8:36  SCV x2  
  105  8:41  Orbital Command  
  105  8:48  SCV x2  
  106  8:51  Supply Depot  
  106  8:52  Supply Depot  
  106  8:53  Supply Depot  
  106  9:00  SCV, Ghost  
  110  9:02  SCV  
  110  9:06  Ghost  
  112  9:12  Ghost  
  112  9:15  Ghost  
  116  9:21  Supply Depot  
  116  9:24  Marine x2  
  116  9:25  Medivac  
  116  9:26  Medivac  
  116  9:29  Marine  
  123  9:34  Supply Depot  
  123  9:35  Supply Depot  
  123  9:40  Ghost x2  
  123  9:42  Marine  
  127  9:48  Barracks  
  127  9:49  Barracks  
  127  9:51  Barracks  
  124  9:54  Ghost  
  124  9:55  Medivac, Ghost  
  130  10:00  Marine  
  130  10:01  Marine  
  132  10:09  Marine  
Show
View Real Time Build Order
Export as new Build Order

Bananane Protoss - Winner!

Build Orders: Oracle Opening, Phoenix Opening 

Get SALT Encoding   

  12  0:01  Probe (Chrono Boost)  
  13  0:11  Probe (Chrono Boost)  
  14  0:19  Pylon  
  14  0:22  Probe (Chrono Boost)  
  15  0:37  Gateway, Probe (Chrono Boost)  
  16  0:48  Probe (Chrono Boost)  
  17  0:58  Assimilator, Probe (Chrono Boost)  
  18  1:09  Probe (Chrono Boost)  
  19  1:21  Probe (Chrono Boost)  
  20  1:28  Cybernetics Core  
  20  1:34  Probe (Chrono Boost)  
  20  1:35  Assimilator  
  21  1:44  Pylon  
  21  1:45  Probe (Chrono Boost)  
  22  1:50  Assimilator  
  22  1:55  Probe (Chrono Boost)  
  23  2:05  Warp Gate  
  23  2:07  Probe (Chrono Boost)  
  24  2:13  Nexus  
  24  2:18  Probe (Chrono Boost)  
  25  2:24  Stargate  
  25  2:29  Probe (Chrono Boost)  
  25  2:37  Stalker  
  25  2:39  Probe (Chrono Boost)  
  28  2:48  Assimilator  
  28  2:53  Probe (Chrono Boost)  
  29  2:58  Pylon  
  29  3:10  Stalker  
  31  3:17  Oracle (Chrono Boost), Probe  
  35  3:25  Probe  
  35  3:34  Gateway x2  
  36  3:39  Mothership Core  
  40  3:48  Phoenix (Chrono Boost)  
  39  4:21  Probe  
  39  4:22  Probe  
  41  4:34  Probe  
  41  4:35  Probe  
  43  4:48  Void Ray (Chrono Boost)  
  43  4:51  Pylon  
  47  4:53  Probe  
  47  4:55  Probe  
  49  5:02  Stalker x2  
  53  5:09  Robotics Facility  
  53  5:10  Probe  
  53  5:11  Forge, Probe  
  55  5:24  Probe  
  55  5:26  Probe  
  55  5:28  Assimilator  
  57  5:36  Twilight Council  
  57  5:40  Probe  
  57  5:41  Probe  
  59  5:48  Protoss Ground Weapons Level 1 (Chrono Boost)  
  59  5:50  Sentry  
  59  5:56  Pylon  
  62  5:57  Observer (Chrono Boost), Pylon  
  62  5:59  Pylon  
  62  6:13  Probe  
  62  6:14  Charge (Chrono Boost), Probe  
  62  6:16  Zealot  
  62  6:17  Zealot x2  
  70  6:27  Probe  
  71  6:33  Immortal (Chrono Boost)  
  75  6:44  Zealot x2  
  75  6:45  Zealot  
  81  6:54  Gateway x2  
  81  6:57  Templar Archives, Probe  
  81  6:58  Probe  
  83  7:19  Probe  
  83  7:21  Probe  
  83  7:26  Pylon  
  83  7:27  Pylon  
  83  7:28  Pylon  
  83  7:29  Pylon  
  83  7:32  Immortal (Chrono Boost)  
  83  7:35  High Templar  
  72  7:46  Zealot x2  
  72  7:49  Protoss Ground Weapons Level 2  
  76  7:53  Psionic Storm  
  76  7:55  Zealot x2  
  84  8:05  Immortal (Chrono Boost)  
  84  8:08  High Templar x2, Zealot  
  84  8:12  Archon  
  90  8:20  Probe  
  90  8:21  Probe  
  92  8:32  Gateway  
  92  8:39  Gateway, Nexus  
  92  8:44  Warp Prism  
  92  8:47  High Templar x3  
  100  8:52  Archon  
  100  8:54  Zealot x2  
  104  9:07  Pylon  
  104  9:20  Immortal  
  104  9:22  High Templar x2  
  104  9:23  Zealot x3  
  118  9:28  Archon  
  118  9:41  Zealot x2  
  118  9:43  Zealot x2  
  126  10:02  High Templar x2  
  126  10:03  Zealot x4  
  126  10:04  Zealot  
  140  10:07  Archon  
  118  10:26  Zealot x2  
  118  10:27  Zealot x3  
Tags
 
Add a new tag
Caveats
  • Supply blocks, unpowered buildings, or Contaminate may cause inaccurate times.
  • Supply counts are checked every 10 seconds.